cohdb
Replays
Latest Replays
All Replays
Popular Replays
Top Player Replays
Match Explorer
How It Works
Community
CoH3 Stats
Reddit
Sign in to upload your games and track your stats! →
Sign in with Steam
Match 45754770
Unlisted
Match 45754770
Overview
Messages
Build Orders
End
Pioneer Squad
Construct Infanterie Kompanie
Selects Breakthrough Battlegroup
Selects Assault Grenadiers
Grenadier Squad
MG 42 Machine Gun Team
Grenadier Squad
Grenadier Squad
Infanterie Officer Quarters
Construct Panzergrenadier Kompanie
Pak 40 Anti-tank Gun Team
Selects Breakthrough
Breakthrough
Panzergrenadier Squad
Pak 40 Anti-tank Gun Team
Selects Incendiary Bombing Run
Medical Station
Construct Panzer Kompanie
Panzer IV Medium Tank
Selects Rapid Production
Incendiary Bombing Run
Selects Blitzkrieg
Incendiary Bombing Run
Panzer IV Medium Tank
Pioneer Squad
Blitzkrieg
Panzer IV Medium Tank
Kettenkrad Recon Vehicle
Incendiary Bombing Run
Selects Tiger Heavy Tank
Stoßtruppen Squad
Stoßtruppen Squad
Panzer IV Medium Tank
Incendiary Bombing Run
Breakthrough
From Voodoo to Zen
Timeless
REDFORCE
aSIIDemolitionHammer
0
0
Comments
sign in to comment!
No comments posted yet!